 Dungeon Crawl Stone Soup version 0.17-a0-1687-g01fd01a (webtiles) character file.

63 Kelyas the Charmwright (level 3, -7/25 HPs)
             Began as a High Elf Skald on Aug 19, 2015.
             Killed by divine providence
             ... invoked by an orc priest
              (12 damage)
             ... on level 3 of the Dungeon.
             The game lasted 00:07:24 (2452 turns).

Kelyas the Charmwright (High Elf Skald)             Turns: 2452, Time: 00:07:25

Health: -7/25      AC:  4    Str: 11    XL:     3   Next: 87%
Magic:  5/7        EV: 12    Int: 15    God:
Gold:   42         SH:  0    Dex: 16    Spells: 3 memorised, 2 levels left

rFire  + . .     SeeInvis .     a - +0 falchion
rCold  x . .     Clarity  .     b - +0 leather armour
rNeg   . . .     SustAt   .     (no shield)
rPois  .         Gourm    .     (no helmet)
rElec  .         Spirit   .     j - +0 cloak
rCorr  .         Warding  .     (no gloves)
rMut   .         Stasis   .     (no boots)
MR     .....                    (no amulet)
Stlth  ++........               p - ring of stealth
                                f - ring of fire

@: shrouded, not resistant to hostile enchantments, unstealthy
A: no striking features
a: no special abilities


You were on level 3 of the Dungeon.
You were not hungry.

You visited 1 branch of the dungeon, and saw 3 of its levels.

You collected 42 gold pieces.

Inventory:

Hand weapons
 a - a +0 falchion (weapon)
Missiles
 l - a throwing net (quivered)
Armour
 b - a +0 leather armour (worn)
 j - a +0 cloak (worn)
 q - a +2 robe of magic resistance
Jewellery
 f - a ring of fire (left hand)
 p - a ring of stealth (right hand)
Magical devices
 k - a wand of confusion (29)
 s - a wand of magic darts (23)
Scrolls
 i - 3 scrolls of remove curse
 r - 2 scrolls of identify
Potions
 e - 3 potions of curing
 h - a potion of invisibility {unknown}
 m - a potion of cure mutation {unknown}
 n - a potion of might {unknown}
Books
 c - a book of Battle

   Spells                             Type                      Level
   a - Infusion                       Charms                       1
   b - Shroud of Golubria             Charms/Translocation         2
   c - Song of Slaying                Charms                       2
   d - Spectral Weapon                Hexes/Charms                 3
   e - Regeneration                   Charms/Necromancy            3
Comestibles
 d - 3 bread rations
 g - 2 chunks of flesh
 o - a beef jerky


   Skills:
 * Level 2.8 Fighting
 * Level 3.3 Long Blades
 + Level 0.8 Armour
 + Level 1.5 Dodging
 + Level 2.6 Spellcasting
 + Level 4.3 Charms


You had 2 spell levels left.
You knew the following spells:

 Your Spells              Type           Power        Failure   Level  Hunger
a - Infusion              Chrm           ##....       6%          1    #......
b - Shroud of Golubria    Chrm/Tloc      #.........   21%         2    ###....
c - Song of Slaying       Chrm           ##......     10%         2    ###....


Dungeon Overview and Level Annotations

Branches:
Dungeon (3/15)

Altars:
Ru
Vehumet


Message History

The orc barely misses you.
You barely miss the orc. The orc completely misses you.
The orc priest mumbles some strange prayers to Beogh against you.
Something smites you!
You see here a mace.
The orc hits you but does no damage.
You hit the orc.
You kill the orc!
The orc priest calls down the wrath of Beogh upon you.
Something smites you!
* * * LOW HITPOINT WARNING * * *
Casting: Infusion
Confirm with . or Enter, or press ? or * to list all spells.
Okay, then.
Casting: Infusion
Confirm with . or Enter, or press ? or * to list all spells.
Space distorts slightly along a thin shroud covering your body.
The orc priest invokes the aid of Beogh against you.
Something smites you!
You die...

#....#
####.# ..##
#.#
...o.#######
#.#
.....o...o.#
#.#
.....#####o#
#.# .... #)#
#.# ...
#.#######.#
..
#.o.o..@..#
.
###########


You could see 2 orc priests.

Vanquished Creatures
  An adder (D:3)
  3 orcs (D:3)
  2 ball pythons (D:2)
  7 bats
  3 giant cockroaches
  8 goblins
  6 hobgoblins
  4 jackals (D:2)
  6 kobolds
  4 giant newts
  4 rats (D:1)
48 creatures vanquished.

Notes
Turn   | Place    | Note
--------------------------------------------------------------
     0 | D:1      | Kelyas the High Elf Skald began the quest for the Orb.
     0 | D:1      | Reached XP level 1. HP: 14/14 MP: 4/4
   268 | D:1      | Reached XP level 2. HP: 19/19 MP: 6/6
   426 | D:1      | Learned a level 2 spell: Shroud of Golubria
   429 | D:1      | Learned a level 2 spell: Song of Slaying
  1126 | D:1      | Reached skill level 4 in Charms
  1276 | D:2      | Reached XP level 3. HP: 25/25 MP: 7/7
  1329 | D:2      | Found a sacrificial altar of Ru.
  2260 | D:3      | Found a radiant altar of Vehumet.
  2452 | D:3      | Killed from afar by an orc priest

Vault maps used:
D:1:      dpeg_arrival_pits, st_stairs_14, grunt_decor_arrowhead,
          grunt_decor_fettered, serial_bayou_pond_e, bh_walls_and_bars
D:2:      hangedman_ru_absence
D:3:      vehumet_altar_wand_db, portal_sewer_entry_f, ecumenical_altar_1,
          uniq_jessica, uniq_crazy_yiuf_cottage

Action                   || total
-------------------------++-------
Melee: Falchion          ||   168
 Cast: Infusion          ||     4
       Shroud of Golubri ||     1
  Use: Scroll            ||     2
 Stab: Sleeping          ||     3
  Eat: Chunk             ||     3
       Fruit             ||     7
